AoeStats
← Pillage The Village

Enclosed

504291679Analyzed
1v1 RM · 27d ago on Sep 4, 2026· 72m 30s· 2 players
Game mode
Random Map
Map size
Tiny (2 player)
Population
200
Speed
Normal
Resources
Standard
Victory
Conquest
Starting age
Dark Age
Ending age
Imperial Age
RankedLock teamsTeams togetherTeam positionsShared explorationLock speedFull tech treeHidden civsTurbo modeCheats
Victory
Defeat
🇺🇸 Wu · United States
1414
+19
🇧🇪 Mongols · Belgium
1489
-19
Pillage The Village
9:00 Feudal Age
8:49 Loom
14:59 Castle Age
14:04 Double-Bit Axe
14:50 Gold Mining
15:58 Fletching
19:18 Man-at-Arms
23:17 Long Swordsman
26:34 Forging
30:19 Scale Mail Armor
30:07 Horse Collar
32:17 Heavy Plow
32:52 Gold Shaft Mining
33:32 Wheelbarrow
34:08 Bodkin Arrow
38:16 Imperial Age
37:17 Ballistics
38:31 Iron Casting
38:17 Squires
39:19 Two-Handed Swordsman
40:56 Chain Mail Armor
41:23 Bow Saw
42:15 Blast Furnace
43:13 Chemistry
44:34 Plate Mail Armor
44:24 Heavy Scorpion
45:18 Champion
49:37 Husbandry
49:48 Bloodlines
51:07 Onager
51:41 Light Cavalry
61:59 Pikeman
Mitch
7:18 Loom
9:48 Feudal Age
16:50 Castle Age
15:02 Double-Bit Axe
15:34 Scale Mail Armor
17:39 Squires
19:51 Wheelbarrow
21:39 Bow Saw
21:18 Horse Collar
21:55 Man-at-Arms
25:26 Chain Mail Armor
26:03 Gold Mining
30:57 Long Swordsman
32:32 Forging
35:05 Imperial Age
32:32 Fletching
33:08 Ballistics
35:40 Gold Shaft Mining
35:03 Bodkin Arrow
35:46 Bracer
36:21 Plate Mail Armor
38:16 Iron Casting
38:14 Conscription
37:32 Two-Handed Swordsman
41:10 Blast Furnace
42:05 Masonry
42:02 Stone Mining
43:29 Hand Cart
42:59 Town Watch
47:25 Sitting Tiger
48:36 Heavy Plow
49:41 Two-Man Saw
49:09 Champion
49:35 Arson
51:55 Chemistry
52:11 Architecture
56:17 Stone Shaft Mining
57:00 Scale Barding Armor
58:50 Bloodlines
58:41 Husbandry
58:08 Light Cavalry
59:10 Chain Barding Armor
59:14 Hussar
60:35 Plate Barding Armor
Connection lost

Rejoining the realm…

Still unreachable

The connection could not be restored.

Session expired

The server has moved on; the page needs a fresh start.